 Dungeon Crawl Stone Soup version 0.23.2 (webtiles) character file.

Game seed: 18231422130007562530

1031 Menchi the Covert (level 8, -2/48 HPs)
             Began as a Kobold Assassin on Apr 9, 2019.
             Slain by an orc priest
             ... wielding a +0 flail
              (8 damage)
             ... on level 5 of the Dungeon.
             The game lasted 00:16:21 (6411 turns).

Menchi the Covert (Kobold Assassin)                 Turns: 6411, Time: 00:16:21

Health: -2/48      AC: 12    Str:  9    XL:     8   Next: 47%
Magic:  9/9        EV: 18    Int: 12    God:
Gold:   174        SH:  3    Dex: 18    Spells: 7/7 levels left

rFire    . . .     SeeInvis .   A - +7 flail (protect)
rCold    . . .     Gourm    .   (shield restricted)
rNeg     . . .     Faith    .   c - +0 robe
rPois    .         Spirit   .   (no helmet)
rElec    .         Reflect  +   v - +2 cloak
rCorr    .         Harm     .   (no gloves)
MR       .....                  (no boots)
Stlth    ++++......             r - +3 amulet of reflection
HPRegen  0.16/turn              (no ring)
MPRegen  0.11/turn              (no ring)

@: protection aura
A: small, carnivore
a: no special abilities


You were on level 5 of the Dungeon.
You were completely stuffed.

You visited 1 branch of the dungeon, and saw 5 of its levels.

You collected 174 gold pieces.

Inventory:

Hand Weapons
 a - a +2 dagger
 b - a +0 blowgun
 A - a +7 flail of protection (weapon)
Missiles
 e - 24 poisoned needles
 f - 2 curare-tipped needles
Armour
 c - a +0 robe (worn)
 t - a +0 buckler
 v - a +2 cloak (worn)
Jewellery
 d - an uncursed ring of magical power
 r - a +3 amulet of reflection (around neck)
Wands
 y - a wand of random effects (7)
Scrolls
 h - a scroll of amnesia {unknown}
 i - 6 scrolls of teleportation {unknown}
 j - 2 scrolls of remove curse {unknown}
 l - a scroll of fog {unknown}
 m - a scroll of magic mapping {unknown}
 o - a scroll of random uselessness {unknown}
 p - 3 scrolls of identify {unknown}
 q - 5 scrolls of blinking {unknown}
 x - a scroll of enchant armour {unknown}
 z - a scroll of enchant weapon {unknown}
Potions
 k - a potion of curing
 n - a potion of lignification {unknown}
 s - a potion of ambrosia {unknown}
 u - a potion of agility {unknown}
 w - 2 potions of heal wounds {unknown}
 B - a potion of berserk rage {unknown}
Comestibles
 g - 5 rations
 C - 5 chunks of flesh


   Skills:
 + Level 3.7 Fighting
 * Level 7.1 Short Blades
 - Level 2.1 Throwing
 * Level 4.9 Dodging
 * Level 8.9 Stealth
 * Level 2.1 Shields
 + Level 1.5 Evocations


You had 7 spell levels left.
You didn't know any spells.
Your spell library was empty.

Dungeon Overview and Level Annotations

Branches:
Dungeon (5/15)
 Temple: D:4-7

Altars:
Ashenzari
Fedhas
Gozag
Uskayaw
Xom
Yredelemnul

Shops:
D:5 }

Annotations:
D:3 1 runed translucent door, Menchi's ghost, amateur KoAs


Innate Abilities, Weirdness & Mutations

You are small and have problems with some larger weapons.
You are carnivorous and can eat meat at any time.


Message History

You sock the orc!
You kill the orc!
The orc hits you with a +0 hand axe.
You sock the orc!
You kill the orc!
The orc misses you.
The orc priest calls down the wrath of Beogh upon you.
Beogh smites you!
You hit the orc.
The orc is heavily wounded.
The orc completely misses you.
The orc priest looks encouraged for a moment.
The adder hisses angrily.
You hit the orc.
You kill the orc!
The orc priest invokes the aid of Beogh against you.
Beogh smites you!
* * * LOW HITPOINT WARNING * * *
The orc priest hits you with a +0 flail!
You die...

.......#.......)#........#
..................... ...#
.................##.# #...
........#...........###...
S.......#.#...).##........
.......##S####..##........
.............# #.# #..##..##....
. ........... #†# #......###...
)............. #@# #..#...# ##.#
..............##o# #..#>..# #..
##.#............o#####.....# ##.
..............#..#.+ #..##### #.
.#.#..........#....####.##≈≈≈≈##.
.#.##<.........÷...##.#.#..≈≈P≈#.
.....#......#.......#.#.##≈.≈≈##.
.....######.............########.
.....# ########........##.##..


You could see an orc priest, an adder and an orc.

Vanquished Creatures
  Grinder (D:4)
  Edmund (D:4)
  A phantom (D:4)
  2 scorpions (D:4)
  A howler monkey (D:5)
  2 hounds
  An orc priest (D:3)
  A bullfrog skeleton (D:4)
  2 iguanas (D:4)
  2 orc wizards (D:4)
  A worker ant (D:3)
  A hound skeleton (D:4)
  Robin (D:4)
  11 adders
  An adder skeleton (D:4)
  5 worms
  4 dart slugs
  2 leopard geckos
  11 orcs
  2 ball pythons (D:1)
  5 giant cockroaches
  18 goblins
  11 hobgoblins
  5 jackals
  7 kobolds
  2 quokkas
  5 bats
  3 frilled lizards
  A jackal zombie (D:5)
  A quokka zombie (D:5)
  7 rats
  A butterfly (D:3)
119 creatures vanquished.

Vanquished Creatures (others)
  2 orc wizards (D:4)
  2 adders (D:4)
  A leopard gecko (D:4)
  2 orcs (D:4)
  A quokka skeleton (D:4)
  3 fungi (D:5)
11 creatures vanquished.

Grand Total: 130 creatures vanquished

Notes
Turn   | Place    | Note
-------+----------+-------------------------------------------
     0 | D:1      | Menchi the Kobold Assassin began the quest for the Orb.
     0 | D:1      | Reached XP level 1. HP: 12/12 MP: 1/1
    82 | D:1      | Reached XP level 2. HP: 17/17 MP: 2/2
   251 | D:1      | Reached skill level 6 in Stealth
   472 | D:1      | Reached XP level 3. HP: 21/21 MP: 3/3
  1159 | D:2      | Found a blossoming altar of Fedhas.
  1176 | D:2      | Reached XP level 4. HP: 21/27 MP: 4/4
  1751 | D:2      | Found a shattered altar of Ashenzari.
  1844 | D:2      | Found a hide-covered altar of Uskayaw.
  2357 | D:3      | Found a runed translucent door.
  2363 | D:3      | Noticed Menchi's ghost (amateur KoAs)
  2402 | D:3      | Reached XP level 5. HP: 8/31 MP: 5/5
  2692 | D:3      | Found an opulent altar of Gozag.
  2715 | D:3      | Reached skill level 7 in Stealth
  3225 | D:3      | Reached XP level 6. HP: 30/36 MP: 6/6
  3373 | D:3      | Found a shimmering altar of Xom.
  3461 | D:4      | Found a basalt altar of Yredelemnul.
  3891 | D:4      | Reached skill level 5 in Short Blades
  4305 | D:4      | Reached skill level 8 in Stealth
  4535 | D:4      | Reached skill level 1 in Shields
  4685 | D:4      | Found a shimmering altar of Xom.
  4822 | D:4      | Noticed Grinder
  4833 | D:4      | Paralysed by Grinder for 7 turns
  4843 | D:4      | Paralysed by Grinder for 6 turns
  5018 | D:4      | Reached XP level 7. HP: 32/41 MP: 7/7
  5120 | D:4      | Noticed Edmund
  5127 | D:4      | Killed Edmund
  5213 | D:4      | Noticed Robin
  5239 | D:4      | Reached skill level 1 in Evocations
  5246 | D:4      | Killed Robin
  5705 | D:4      | Reached XP level 8. HP: 46/46 MP: 8/8
  5755 | D:4      | Killed Grinder
  6178 | D:5      | Entered Level 5 of the Dungeon
  6222 | D:5      | Found Yruloj Ixup's Gadget Shoppe.
  6411 | D:5      | Slain by an orc priest

Skill      XL: |  1  2  3  4  5  6  7  8 |
---------------+-------------------------+-----
Short Blades   | 3 4 5 6 7 |  7.1
Stealth        | 6 7 8 |  8.9
Dodging        | 2 3 4 |  4.9
Fighting       | 3 |  3.7
Shields        | 1 2 |  2.1
Evocations     | 1 |  1.5
Throwing       | |  2.1

Action                   |  1- 3 |  4- 6 |  7- 9 || total
-------------------------+-------+-------+-------++-------
Melee: Dagger            |   121 |   352 |    33 ||   506
       Flail             |       |       |    80 ||    80
Evoke: Wand              |       |    10 |     1 ||    11
  Use: Potion            |       |     3 |       ||     3
 Stab: Sleeping          |     8 |    17 |     5 ||    30
       Distracted        |     1 |     1 |       ||     2
       Invisible         |       |     1 |       ||     1
       Paralysed         |       |       |     4 ||     4
  Eat: Chunk             |     9 |    11 |     6 ||    26
Armor: Robe              |    14 |    40 |    37 ||    91
Dodge: Dodged            |    75 |   179 |   100 ||   354
Block: Other             |       |    21 |    19 ||    40
